 Dungeon Crawl Stone Soup version 0.31-a0-187-gba352fbbf7 (webtiles) character file.

Game seed: 10558400297439321338

53 qw the Shooter (level 3, 0/20 HPs)
             Began as a Deep Elf Hunter on June 22, 2023.
             Succumbed to their own poison gas
             ... on level 2 of the Dungeon.
             The game lasted 00:00:32 (1306 turns).

qw the Shooter (Deep Elf Hunter)                    Turns: 1306, Time: 00:00:32

Health: 0/20       AC:  6    Str:  7 (10) XL:     3   Next: 64%
Magic:  5/5        EV: 10    Int: 10 (13) God:
Gold:   93         SH:  0    Dex: 16 (18) Spells: 2/2 levels left

rFire   . . .        Y - +3 shortbow
rCold   . . .        (shield currently unavailable)
rNeg    . . .        k - +0 ring mail
rPois   .            (no helmet)
rElec   .            (no cloak)
rCorr   .            d - +0 pair of gloves
SInv    .            (no boots)
Will    .....        (no amulet)
Stlth   +            (no ring)
HPRegen 0.23/turn    (no ring)
MPRegen 0.09/turn

%: no passive effects
@: lethally poisoned (0 -> -9)
A: no striking features
a: no special abilities


You were on level 2 of the Dungeon.
You visited 1 branch of the dungeon, and saw 2 of its levels.

You collected 93 gold pieces.


   Skills:
 - Level 1.5 Fighting
 + Level 7.1 Ranged Weapons
 - Level 2.4 Dodging
 - Level 1.2 Stealth


You had 2 spell levels left.
You didn't know any spells.
Your spell library was empty.

Inventory:

Hand Weapons
 Y - a +3 shortbow (weapon)
Armour
 d - a +0 pair of gloves (worn)
 k - a +0 ring mail (worn)
Potions
 f - a potion of might
 h - a potion of berserk rage {unknown}

Dungeon Overview and Level Annotations

Branches:
Dungeon (2/15)

Altars:


Message History

Really abort (and waste the scroll)?
Done exploring.
1299 ||| READING 3 scrolls labelled VICRIU ORELUEH.
As you read the scroll labelled VICRIU ORELUEH, it crumbles to dust.
It is a scroll of enchant weapon.
Your +0 shortbow glows red for a moment.
1300 ||| READING 2 scrolls of enchant weapon.
As you read the scroll of enchant weapon, it crumbles to dust.
Your +1 shortbow glows red for a moment.
1300 ||| ENCHANTING +1 shortbow.
1301 ||| READING scroll of enchant weapon.
As you read the scroll of enchant weapon, it crumbles to dust.
Your +2 shortbow glows red for a moment.
1301 ||| ENCHANTING +2 shortbow.
Done exploring.
(D) Dungeon
Where to? (* - list waypoints, Enter - D:2, ? - help)
What level of the Dungeon? (default 1, ? - help) Sorry, I don't know how to get there.
Enter note:
Enter note:
Enter note:
Enter note:
Enter note:
Enter note:
Enter note:
Enter note:
Enter note: Really walk into that cloud of poison gas?
You are engulfed in poison gas.
You are lethally poisoned!
You feel very sick.
1303 ||| Stepping ~*~*~tactically~*~*~ (cloud).
You feel very sick.
There is a lethal amount of poison in your body!
You feel very sick.
There is a lethal amount of poison in your body!
You feel very sick.
There is a lethal amount of poison in your body!
You die...

##...## ##.....##
#.......# #.......#
#.......#
############./...##
#[#0¤P¤0¤¤........#
#.#¤¤¤¤P0P........###
#..#@P...P...........
##PP#.P.}}~.......#...
#.P.#..P.........##...
#..P#PP.~P....#.######
#....#.#..#...#.#
#..~.#_#..#...#.# ####
#.P..######...#.###...
#.....#.......#.#...#.
#.....#.......#...###>


There were no monsters in sight!

Vanquished Creatures
  A worm (D:2)
  3 dart slugs
  6 ball pythons
  3 endoplasms (D:1)
  2 giant cockroaches (D:1)
  4 goblins (D:1)
  6 hobgoblins
  6 jackals (D:1)
  2 frilled lizards (D:1)
  5 kobolds
  2 rats (D:1)
40 creatures vanquished.

Notes
Turn   | Place    | Note
-------+----------+-------------------------------------------
     0 | D:1      | qw the Deep Elf Hunter began the quest for the Orb.
     0 | D:1      | Reached XP level 1. HP: 12/12 MP: 3/3
     0 | D:1      | 0 ||| qw: Version: 0.3-a-9-g12657ce
     0 | D:1      | 0 ||| qw: Game counter: 2288
     0 | D:1      | 0 ||| qw: Always use a shield: true
     0 | D:1      | 0 ||| qw: God list: Okawaru
     0 | D:1      | 0 ||| qw: Allow faded altars: false
     0 | D:1      | 0 ||| qw: Do Orc after D:15 true
     0 | D:1      | 0 ||| qw: Do second Lair branch before Depths: true
     0 | D:1      | 0 ||| qw: Lair rune preference: random
     0 | D:1      | 0 ||| qw: Plans: Normal
     0 | D:1      | 0 ||| PLANNING D:1-11
   113 | D:1      | Reached skill level 6 in Ranged Weapons
   113 | D:1      | Reached XP level 2. HP: 16/16 MP: 4/4
   410 | D:1      | Reached XP level 3. HP: 20/20 MP: 5/5
   681 | D:1      | 681 ||| UPGRADING to +0 pair of gloves.
   686 | D:1      | 686 ||| UPGRADING to +0 ring mail.
   696 | D:1      | 696 ||| DROPPING +0 leather armour.
   697 | D:1      | 697 ||| READING scroll labelled VODDUO NUUTE.
   698 | D:1      | 698 ||| READING scroll labelled XUUHOADAXE.
   699 | D:1      | 699 ||| READING scroll labelled YMIUFIS NEUVEN.
   702 | D:1      | 702 ||| DRINKING 2 metallic silvery potions.
   703 | D:1      | 703 ||| DRINKING 2 fizzy amethyst potions.
   704 | D:1      | 704 ||| DROPPING scroll of butterflies.
   705 | D:1      | 705 ||| DROPPING potion of degeneration.
   882 | D:2      | Reached skill level 7 in Ranged Weapons
  1187 | D:2      | Found a faded altar of an unknown god.
  1194 | D:2      | 1194 ||| READING scroll labelled OJOITT QAHE.
  1195 | D:2      | 1195 ||| READING scroll labelled MAMMUM AKE TEWN.
  1296 | D:2      | 1296 ||| READING scroll labelled WUAMMASMUR.
  1297 | D:2      | 1297 ||| READING scroll labelled RYARULE ADEC.
  1298 | D:2      | 1298 ||| READING scroll labelled REQOER KIYDWU.
  1299 | D:2      | 1299 ||| READING 3 scrolls labelled VICRIU ORELUEH.
  1300 | D:2      | 1300 ||| READING 2 scrolls of enchant weapon.
  1300 | D:2      | 1300 ||| ENCHANTING +1 shortbow.
  1301 | D:2      | 1301 ||| READING scroll of enchant weapon.
  1301 | D:2      | 1301 ||| ENCHANTING +2 shortbow.
  1303 | D:2      | 1303 ||| Stepping ~*~*~tactically~*~*~ (cloud).
  1304 | D:2      | HP: 4/20 [poisoned by you (poison gas)]
  1306 | D:2      | Succumbed to their own poison gas

Levels and vault maps discovered:
D:1:      kennysheep_arrival_seaside, layout_basic, st_stairs_7
D:2:      layout_rooms, shapermc_ecumenical_altar_mp_ritualfount

Skill      XL: |  1  2  3 |
---------------+----------+-----
Ranged Weapons | 6 7 |  7.1
Fighting       | |  1.5
Dodging        | |  2.4
Stealth        | |  1.2

Action                     || total
---------------------------++-------
   Fire: Shortbow          ||    96
    Use: Scroll            ||    11
         Potion            ||     2
 Armour: Leather armour    ||     6
         Ring mail         ||     1
  Dodge: Dodged            ||    12

Table legend:
 A = Non-vault XP
 B = Vault XP
 C = Vault XP percentage of total XP
 D = Non-vault monster count
 E = Vault monster count
 F = Vault count percentage of total count
                 A         B        C        D         E       F
            +---------+---------+-------+---------+---------+-------
      Total |      75 |       2 |   2.6 |      39 |       1 |   2.5
            +---------+---------+-------+---------+---------+-------
        D:1 |      51 |       2 |   3.8 |      29 |       1 |   3.3
        D:2 |      24 |       0 |   0.0 |      10 |       0 |   0.0
            +---------+---------+-------+---------+---------+-------
